Map: Concord LE

Players

Clerick

  • Race: Zerg Zerg
  • League: Silver
  • Spawn Location: 1:00

Dudz

  • Race: Zerg Zerg
  • League: Gold
  • Spawn Location: 12:00

CapDousche

  • Race: Protoss Protoss
  • Spawn Location: 3:00

Xotag

  • Race: Protoss Protoss
  • Spawn Location: 3:00

MattBarry

  • Race: Terran Terran
  • League: Gold
  • Spawn Location: 9:00

Alebay

  • Race: Protoss Protoss
  • Spawn Location: 6:00

zenzen

  • Race: Protoss Protoss
  • Spawn Location: 7:00

MattBarry

  • Race: Zerg Zerg
  • Spawn Location: 6:00

VOD

Have the link to the VOD?

Description

Time

  • Played on: Jan. 18, 2023, 9:06 p.m.
  • Length: 4:36
Show
View Real Time Build Order
Export as new Build Order

Clerick Zerg 

Build Orders: Hatch First 

Get SALT Encoding   

  12  0:02  Drone  
  13  0:12  Drone  
  14  0:35  Hatchery  
  14  0:37  Drone  
  14  0:45  Overlord  
  14  1:03  Spawning Pool  
  14  1:04  Drone  
  14  1:08  Drone  
  15  1:15  Drone  
  16  1:23  Drone, Extractor  
  16  1:29  Drone  
  17  1:37  Drone  
  18  1:48  Drone  
  18  1:53  Drone  
  20  1:55  Queen x2  
  24  2:10  Drone x3  
  27  2:16  Overlord  
  27  2:26  Zergling x2  
  28  2:30  Overlord  
  28  2:41  Zergling x2  
  28  2:42  Zergling x6  
  32  2:44  Metabolic Boost  
  32  2:53  Queen x2  
  32  2:57  Zergling x2  
  32  2:58  Zergling x2  
  38  3:18  Zergling x8  
  42  3:38  Zergling x4  
  42  3:39  Overlord x2  
  44  4:12  Zergling x8  
Show
View Real Time Build Order
Export as new Build Order

Dudz Zerg 

Build Orders: Hatch First 

Get SALT Encoding   

  12  0:02  Drone  
  13  0:12  Overlord  
  13  0:19  Drone  
  14  0:31  Drone x2  
  14  0:35  Drone  
  17  0:52  Drone  
  18  1:02  Hatchery  
  17  1:06  Extractor  
  17  1:08  Drone  
  17  1:11  Overlord  
  17  1:27  Drone  
  18  1:38  Drone  
  19  1:43  Spawning Pool  
  18  2:00  Drone x2  
  20  2:09  Hatchery  
  20  2:15  Overlord  
  19  2:30  Metabolic Boost  
  19  2:32  Zergling x8  
  23  2:40  Queen  
  23  2:43  Zergling x2  
  26  2:46  Zergling x2  
  27  2:56  Zergling x6  
  30  3:04  Zergling x2  
  31  3:07  Zergling x2  
  30  3:24  Zergling x2  
  30  3:25  Zergling x6  
  34  3:40  Zergling x8  
  38  3:55  Zergling x8  
  42  4:00  Overlord x2  
  42  4:15  Zergling x6  
Show
View Real Time Build Order
Export as new Build Order

CapDousche Protoss 

Build Orders:  

Get SALT Encoding   

  12  0:02  Probe  
  13  0:15  Probe  
  14  0:22  Pylon  
  14  0:27  Probe  
  15  0:41  Probe  
  16  0:50  Gateway  
  16  1:00  Probe  
  16  1:03  Assimilator  
  17  1:04  Assimilator  
  17  1:12  Probe  
  18  1:24  Probe  
  19  1:36  Probe  
  20  1:48  Probe  
  20  1:49  Pylon  
  20  1:52  Cybernetics Core  
  21  1:59  Pylon  
  22  2:01  Probe  
  22  2:20  Gateway  
  22  2:23  Warp Gate (Chrono Boost)  
  22  2:33  Gateway  
  22  2:35  Gateway  
  22  2:54  Probe  
  23  3:06  Pylon  
  23  3:11  Probe  
  24  3:34  Pylon  
  24  3:51  Stalker x3  
  24  3:52  Stalker  
  28  4:31  Stalker x3  
  28  4:32  Stalker  
Show
View Real Time Build Order
Export as new Build Order

Xotag Protoss 

Build Orders: Cannon Rush 

Get SALT Encoding   

  12  0:03  Probe  
  13  0:13  Pylon  
  13  0:22  Probe (Chrono Boost)  
  14  0:32  Forge  
  14  1:08  Pylon, Probe  
  15  1:20  Probe  
  16  1:27  Photon Cannon  
  16  1:33  Photon Cannon  
  16  1:35  Photon Cannon  
  16  1:40  Pylon  
  16  1:47  Pylon  
  16  2:00  Photon Cannon  
  16  2:02  Pylon  
  16  2:13  Photon Cannon  
  16  2:24  Pylon  
  16  2:27  Probe  
  17  2:37  Pylon  
  17  2:39  Probe  
  18  2:47  Photon Cannon  
  18  2:53  Pylon  
  18  3:05  Photon Cannon  
  18  3:06  Probe  
  19  3:18  Probe  
  20  3:22  Photon Cannon  
  20  3:43  Pylon  
  20  3:45  Pylon  
  20  4:02  Pylon  
  20  4:04  Probe (Chrono Boost)  
  20  4:07  Photon Cannon  
  21  4:12  Photon Cannon  
  21  4:14  Photon Cannon  
  21  4:16  Probe (Chrono Boost)  
  22  4:31  Pylon  
Show
View Real Time Build Order
Export as new Build Order

MattBarry Terran 

Build Orders:  

Get SALT Encoding   

  12  0:00  SCV  
  13  0:12  SCV  
  14  0:18  Supply Depot  
  14  0:24  SCV  
  15  0:40  SCV  
  15  0:41  Barracks  
  16  0:47  Refinery  
  16  0:52  SCV  
  17  1:04  SCV  
  18  1:16  SCV  
  19  1:31  Orbital Command, Reaper  
  20  1:44  Refinery  
  20  1:48  Barracks  
  20  2:04  SCV  
  21  2:23  SCV  
  21  2:25  Barracks Tech Lab  
  21  2:35  SCV  
  22  2:37  Factory  
  22  2:43  Command Center  
  22  2:48  Supply Depot  
  22  2:49  Marauder  
  24  2:56  SCV  
  25  2:58  Barracks Tech Lab  
  25  3:11  Marauder  
  27  3:14  SCV  
  28  3:28  Cyclone  
  28  3:32  Marauder  
  33  3:35  SCV  
  34  4:02  SCV  
  35  4:04  Cyclone  
Show
View Real Time Build Order
Export as new Build Order

Alebay Protoss 

Build Orders:  

Get SALT Encoding   

  12  0:00  Probe  
  13  0:12  Probe  
  14  0:18  Pylon  
  14  0:24  Probe  
  15  0:36  Probe  
  15  0:38  Gateway  
  16  0:48  Probe  
  17  0:53  Assimilator  
  17  1:00  Probe  
  18  1:07  Pylon  
  18  1:14  Probe  
  19  1:21  Assimilator  
  19  1:26  Probe  
  19  1:30  Cybernetics Core  
  20  1:42  Probe  
  21  1:56  Probe  
  21  1:58  Zealot  
  24  2:08  Probe  
  24  2:25  Adept  
  20  3:01  Nexus  
Show
View Real Time Build Order
Export as new Build Order

zenzen Protoss 

Build Orders:  

Get SALT Encoding   

  12  0:04  Probe  
  13  0:16  Probe  
  14  0:27  Assimilator  
  15  0:28  Probe  
  15  0:36  Assimilator  
  15  1:49  Pylon  
  15  1:52  Pylon  
  15  1:55  Pylon  
  15  2:07  Probe  
  16  2:19  Gateway, Probe  
  16  2:21  Gateway  
  17  2:23  Gateway  
  17  2:31  Probe  
  18  2:43  Probe  
  19  3:07  Zealot  
  19  3:11  Zealot  
  25  3:12  Zealot  
  25  3:27  Cybernetics Core  
  25  3:32  Forge  
  25  3:34  Zealot  
  25  3:38  Zealot  
  25  3:40  Zealot  
  31  4:05  Zealot  
  33  4:12  Twilight Council  
Show
View Real Time Build Order
Export as new Build Order

MattBarry Zerg 

Build Orders: Hatch First 

Get SALT Encoding   

  12  0:00  Drone  
  13  0:12  Overlord  
  13  0:18  Drone  
  14  0:31  Drone x2  
  16  0:56  Drone  
  17  0:57  Hatchery  
  17  0:58  Drone  
  17  1:00  Drone  
  18  1:09  Drone  
  19  1:21  Spawning Pool  
  18  1:31  Extractor  
  17  2:19  Zergling x8  
  21  2:41  Queen  
  23  3:06  Zergling x4  
  23  3:07  Zergling x4, Overlord  
  23  3:09  Drone  
  26  3:24  Zergling x4  
  26  3:37  Hatchery  
  20  3:59  Spine Crawler  
  20  4:01  Spine Crawler  
  17  4:05  Spine Crawler  
  16  4:16  Zergling x18  
Tags
 
Add a new tag
Caveats
  • Supply blocks, unpowered buildings, or Contaminate may cause inaccurate times.
  • Supply counts are checked every 10 seconds.